 Dungeon Sprint DCSS version 0.26.0-16-gc1dbca0489 (webtiles) character file.

Game seed: 5465223148127185509

96622130 Groucho the Naga Aeon (level 24, 272/272 HPs)
             Began as a Naga Fighter on Jan 18, 2021.
             Was the Champion of Cheibriados.
             Escaped with the Orb
             ... and 17 runes!
             The game lasted 01:06:14 (18931 turns).

Groucho the Naga Aeon (Naga Fighter)               Turns: 18931, Time: 01:06:15

Health: 272/272    AC: 60    Str: 33    XL:     24   Next: 50%
Magic:  45/45      EV: 28    Int: 20    God:    Cheibriados [******]
Gold:   418        SH: 38    Dex: 34    Spells: 70/70 levels left

rFire    + . .     SeeInvis +   D - +6 broad axe (drain)
rCold    + + +     Faith    .   J - +3 tower shield
rNeg     + . .     Spirit   .   x - +10 gold dragon scales
rPois    +         Reflect  +   m - +1 helmet
rElec    +         Harm     .   t - +1 cloak {rCorr}
rCorr    +         Rampage  .   w - +0 pair of gloves {archery}
Will     ++++.     NoTele   +   u - +4 barding
Stlth    ..........             p - amulet of reflection
HPRegen  0.55/turn              L - ring "Oriaratoi" {rElec rPois rC+++ Will+ Int-4}
MPRegen  0.29/turn              y - ring of positive energy

@: very slow
A: large, see invisible, clumsy 1, deformed body, deterioration 1, low mp 1,
poison resistance, slowness 2, spit poison 1, weak 1, constrict 1, AC +8
0: Orb of Zot
}: 17/17 runes: decaying, serpentine, barnacled, slimy, elven, silver, golden,
iron, obsidian, icy, bone, abyssal, glowing, magical, fiery, dark, gossamer
a: Spit Poison, Renounce Religion, Bend Time, Temporal Distortion, Slouch, Step
From Time


You escaped.
You worshipped Cheibriados.
Cheibriados was exalted by your worship.
You visited 1 branch You collected 1956 gold pieces.
You spent 1538 gold pieces at shops.

Inventory:

Hand Weapons
 a - a +2 eveningstar of protection
 j - the +6 sword of Cerebov {flame}
   (You took it off Cerebov in the Dungeon)

   It has been specially enchanted to burn those struck by it, causing extra
   injury to most foes and up to half again as much damage against particularly
   susceptible opponents.
   Big, fiery blades are also staple armaments of hydra-hunters.
 o - a +0 arbalest
 s - the +4 staff of Dispater
   (You took it off Dispater in the Dungeon)
 z - the +7 sceptre of Asmodeus
   (You took it off Asmodeus in the Dungeon)
 D - a +6 broad axe of draining (weapon)
Missiles
 n - 17 silver javelins (quivered)
 B - 14 javelins
Armour
 c - a +2 cloak
 m - a +1 helmet (worn)
 t - a +1 cloak of preservation (worn)
 u - a +4 barding (worn)
 w - a +0 pair of gloves of archery (worn)
 x - +10 gold dragon scales (worn)
 J - a +3 tower shield (worn)
Jewellery
 b - the ring "Pemagak" {+Inv Will++ Dex-2 Slay+3}
   (You found it in the Dungeon)

   [ring of slaying]

   It affects your dexterity (-2).
   It affects your accuracy and damage with ranged weapons and melee attacks
   (+3).
   It affects your willpower, your defense against some magical effects.
   It lets you turn invisible.
 g - the ring of Uvymofutuk {+Inv rPois rF+ Str+6}
   (You found it in the Dungeon)

   [ring of strength]

   It affects your strength (+6).
   It protects you from fire.
   It protects you from poison.
   It lets you turn invisible.
 p - an amulet of reflection (around neck)
 y - a ring of positive energy (right hand)
 C - an uncursed ring of protection from cold
 G - an uncursed amulet of regeneration
 H - an uncursed ring of resist corrosion {unknown}
 K - an uncursed amulet of the acrobat
 L - the ring "Oriaratoi" (left hand) {rElec rPois rC+++ Will+ Int-4}
   (You found it in the Dungeon)

   [ring of willpower]

   It affects your intelligence (-4).
   It renders you almost immune to cold.
   It insulates you from electricity.
   It protects you from poison.
   It affects your willpower, your defense against some magical effects.
Wands
 l - a wand of acid (10)
Scrolls
 i - 7 scrolls of remove curse
 k - 2 scrolls of amnesia
 q - 7 scrolls of identify
 r - 4 scrolls of fog
 E - 2 scrolls of fear
 F - a scroll of immolation {unknown}
Potions
 d - 5 potions of might
 e - 3 potions of curing
 f - a potion of invisibility
 h - 10 potions of magic
 v - a potion of resistance
Miscellaneous
 A - the horn of Geryon


   Skills:
 O Level 27 Fighting
 O Level 27 Axes
 O Level 27 Throwing
 O Level 27 Armour
 O Level 27 Dodging
 O Level 27 Shields
 O Level 27 Unarmed Combat
 + Level 23.8 Spellcasting
 O Level 27 Invocations
 O Level 27 Evocations


You had 70 spell levels left.
You didn't know any spells.
Your spell library contained the following spells:

 Spells                   Type           Power        Failure   Level
 Animate Skeleton         Necr           46%          8%          1
 Sting                    Tmut/Pois      92%          8%          1
 Corpse Rot               Necr/Air       N/A          12%         2
 Agony                    Necr           23%          91%         5
 Summon Demon             Summ           11%          91%         5
 Summon Forest            Summ/Tloc      11%          91%         5
 Summon Mana Viper        Hex/Summ       23%          91%         5
 Shadow Creatures         Summ           N/A          100%        6
 Summon Hydra             Summ           11%          100%        7


Dungeon Overview and Level Annotations

Branches:
Dungeon (1/1)

Altars:
Cheibriados
Dithmenos
Elyvilon
Fedhas
Gozag
Hepliaklqana
Kikubaaqudgha
Makhleb
Nemelex Xobeh
Okawaru
Qazlal
Ru
Sif Muna
Trog
Uskayaw
Vehumet
Wu Jian
Xom
Yredelemnul
Zin
The Shining One
Beogh
Jiyva
Lugonu

Shops:
D ![=!


Innate Abilities, Weirdness & Mutations

You cannot wear boots.
Your serpentine skin is tough. (AC +8)
You have supernaturally acute eyesight. (SInv)
Armour fits poorly on your strangely shaped body.
Your system is resistant to poisons. (rPois)
You cover ground very slowly.
You can spit poison.
You can use your snake-like lower body to constrict enemies.
You are clumsy. (Dex -2)
Your body sometimes deteriorates upon taking damage.
Your magical capacity is low. (-10% MP)
You are weak. (Str -2)


Message History

An efreet is nearby!
An efreet is nearby!
An efreet is nearby!
You slice the efreet!! You grab the efreet.
The efreet is heavily wounded.
You constrict the efreet. You hit the efreet but do no damage.
The efreet is severely wounded.
You constrict the efreet! The efreet closely misses you.
You hit the efreet.
The efreet is almost dead.
You constrict the efreet. You hit the efreet but do no damage.
The efreet is almost dead.
You constrict the efreet.
You kill the efreet!
Cheibriados appreciates the change of pace.
You see here a +3 scimitar of flaming.
There is a staircase leading out of the dungeon here.
You have escaped!

▓▓▓▓▓▓▓▓▓▓▓▓▓▓▓▓▓▓
▓@.).).....'.....'
▓▓▓▓▓▓▓▓▓▓▓▓▓▓▓▓▓▓
▓.................
▓.▓▓▓▓▓▓▓▓▓▓▓▓▓▓▓▓
▓.......'!.!!.)=..
▓▓▓▓▓▓▓▓▓▓▓▓▓▓▓▓▓▓
▓.................
▓.▓▓▓▓▓▓▓▓▓▓▓▓▓▓▓▓
▓.............')[[


There were no monsters in sight!

Vanquished Creatures
  Cerebov (D)
  Antaeus (D)
  Asmodeus (D)
  the Royal Jelly (D)
  Gloorx Vloq (D)
  Ereshkigal (D)
  A seraph (D)
  Lom Lobon (D)
  Dispater (D)
  Mnoleg (D)
  5 ancient liches (D)
  4 pandemonium lords (D)
  4 orbs of fire (D)
  Mennas (D)
  A juggernaut (D)
  7 royal mummies (D)
  Sojobo (D)
  Boris (twice) (D)
  Xtahua (D)
  Margery (D)
  Nikola (D)
  Geryon (D)
  3 electric golems (D)
  3 Tzitzimimeh (D)
  33 Orb Guardians (D)
  3 tentacled monstrosities (D)
  2 Hell Sentinels (D)
  2 deep elf blademasters (D)
  4 liches (D)
  2 deep elf master archers (D)
  4 quicksilver dragons (D)
  13 acid blobs (D)
  3 death cobs (D)
  An Executioner (D)
  13 sphinxes (D)
  7 shadow dragons (D)
  Gastronok (D)
  6 nagarajas (D)
  2 draconian monks (D)
  2 tengu reavers (D)
  3 storm dragons (D)
  Donald (D)
  9 azure jellies (D)
  Ilsuiw (D)
  A deep elf sorcerer (D)
  An orc warlord (D)
  2 draconian knights (D)
  6 emperor scorpions (D)
  2 ghost moths (D)
  Aizul (D)
  A balrug (D)
  3 vault wardens (D)
  Louise (D)
  4 draconian shifters (D)
  4 angels (D)
  A draconian stormcaller (D)
  2 draconian annihilators (D)
  3 very ugly things (D)
  3 ironheart preservers (D)
  A deep elf demonologist (D)
  8 vampire knights (D)
  2 green draconians (D)
  5 stone giants (D)
  A black draconian (D)
  4 bunyips (D)
  A lorocyproca (D)
  4 yellow draconians (D)
  A deep elf annihilator (D)
  3 white draconians (D)
  3 red draconians (D)
  7 purple draconians (D)
  2 ettins (D)
  A blizzard demon (D)
  2 merfolk javelineers (D)
  2 eleionomae (D)
  6 merfolk impalers (D)
  A mummy priest (D)
  3 deep elf death magi (D)
  7 death oozes (D)
  A green death (D)
  7 fire dragons (D)
  3 yaktaur captains (D)
  25 vault guards (D)
  3 great orbs of eyes (D)
  3 deep elf high priests (D)
  2 boulder beetles (D)
  A naga warrior (D)
  A rakshasa (D)
  9 hydras (D)
  6 ice dragons (D)
  2 centaur warriors (D)
  3 hell beasts (D)
  A deep troll shaman (D)
  4 merfolk aquamancers (D)
  An alligator (D)
  A death yak (D)
  A spriggan berserker (D)
  2 deep troll earth magi (D)
  A tengu warrior (D)
  A thrashing horror (D)
  2 shock serpents (D)
  A sun demon (D)
  Urug (D)
  A soul eater (D)
  A deep elf knight (D)
  8 orc high priests (D)
  2 naga sharpshooters (D)
  2 shadow wraiths (D)
  3 sea snakes (D)
  6 hell knights (D)
  A sixfirhy (D)
  An infernal demonspawn (D)
  2 torturous demonspawn (D)
  2 unseen horrors (D)
  A shadow demon (D)
  2 gelid demonspawn (D)
  A deep troll (D)
  An unseen horror (shapeshifter) (D)
  3 glowing orange brains (D)
  7 swamp dragons (D)
  A necromancer (D)
  An ugly thing (D)
  3 orc knights (D)
  2 mana vipers (D)
  2 orb spiders (D)
  A manticore (D)
  3 wolf spiders (D)
  8 moths of wrath (D)
  A cyclops (D)
  A rust devil (D)
  2 guardian serpents (D)
  A will-o-the-wisp (D)
  3 black mambas (D)
  A merfolk siren (D)
  5 vault sentinels (D)
  2 cane toads (D)
  3 smoke demons (D)
  2 large abominations (D)
  2 hellions (D)
  A komodo dragon (D)
  An efreet (D)
  3 ice devils (D)
  3 yaktaurs (D)
  20 guardian mummies (D)
  3 tormentors (D)
  3 freezing wraiths (D)
  A wandering mushroom (D)
  2 hellwings (D)
  2 red devils (D)
  A polar bear (shapeshifter) (D)
  2 merfolk (D)
  A meliai (shapeshifter) (D)
  A hornet (D)
  3 tyrant leeches (D)
  4 blink frogs (D)
  3 jumping spiders (D)
  A snapping turtle (D)
  A slime creature (D)
  A shadow (D)
  2 wraiths (D)
  2 redbacks (D)
  11 spriggans (D)
  4 tarantellas (D)
  3 ynoxinuls (D)
  3 yaks (D)
  A neqoxec (D)
  A golden eye (D)
  A vampire mosquito (D)
  5 nagas (D)
  3 water moccasins (D)
  An acid dragon (shapeshifter) (D)
  A floating eye (D)
  3 acid dragons (D)
  A swamp drake (D)
  An eye of draining (D)
  An ice beast (D)
  11 orc warriors (D)
  A black bear (D)
  5 bullfrogs (D)
  A small abomination (D)
  A scorpion (D)
  A howler monkey (D)
  2 hounds (D)
  An iron imp (D)
  7 orc priests (D)
  A jelly (D)
  3 orc wizards (D)
  An iguana (D)
  A worker ant (D)
  2 white imps (D)
  2 ufetubi (D)
  10 orcs (D)
  A bat skeleton (D)
  A bat zombie (D)
  2 goblins (D)
  A bat (D)
  A kobold (D)
  A rat (D)
  4 ball lightnings (D)
  2 crawling corpses (D)
590 creatures vanquished.

Vanquished Creatures (others)
  A deep elf annihilator (D)
  A green death (D)
  An orc knight (D)
  A vault sentinel (D)
  A big kobold (shapeshifter) (D)
  2 wights (D)
  A ball lightning (D)
8 creatures vanquished.

Grand Total: 598 creatures vanquished

Notes
Turn   | Place    | Note
-------+----------+-------------------------------------------
     0 | D        | Groucho the Naga Fighter began the quest for the Orb.
     0 | D        | Reached XP level 1. HP: 21/21 MP: 1/1
    34 | D        | Noticed a scorpion
    34 | D        | Noticed a worker ant
    34 | D        | Noticed a hound
    36 | D        | HP: 1/21 [white imp (5)]
    38 | D        | Reached XP level 2. HP: 2/30 MP: 2/2
    44 | D        | Killed a scorpion
    45 | D        | Reached XP level 3. HP: 18/38 MP: 3/3
    45 | D        | Reached XP level 4. HP: 21/45 MP: 4/4
    51 | D        | Reached skill level 5 in Fighting
    54 | D        | Reached skill level 5 in Axes
    55 | D        | Reached XP level 5. HP: 13/52 MP: 5/5
   313 | D        | Found a roughly hewn altar of Beogh.
   313 | D        | Found a snail-covered altar of Cheibriados.
   313 | D        | Found a shadowy altar of Dithmenos.
   313 | D        | Found a white marble altar of Elyvilon.
   313 | D        | Found a blossoming altar of Fedhas.
   313 | D        | Found an opulent altar of Gozag.
   314 | D        | Found a hazy altar of Hepliaklqana.
   315 | D        | Found a viscous altar of Jiyva.
   316 | D        | Found an ancient bone altar of Kikubaaqudgha.
   317 | D        | Became a worshipper of Cheibriados the Contemplative
   318 | D        | Found a corrupted altar of Lugonu.
   319 | D        | Found a burning altar of Makhleb.
   320 | D        | Found a sparkling altar of Nemelex Xobeh.
   321 | D        | Found an iron altar of Okawaru.
   322 | D        | Found a stormy altar of Qazlal.
   323 | D        | Found a sacrificial altar of Ru.
   324 | D        | Found a shimmering blue altar of Sif Muna.
   325 | D        | Found a bloodstained altar of Trog.
   326 | D        | Found a hide-covered altar of Uskayaw.
   327 | D        | Found a radiant altar of Vehumet.
   328 | D        | Found an ornate altar of the Wu Jian Council.
   329 | D        | Found a shimmering altar of Xom.
   330 | D        | Found a basalt altar of Yredelemnul.
   331 | D        | Found a glowing silver altar of Zin.
   332 | D        | Found a glowing golden altar of the Shining One.
   406 | D        | Noticed an orc warrior
   414 | D        | Killed an orc warrior
   415 | D        | Reached skill level 5 in Armour
   415 | D        | Reached skill level 1 in Dodging
   415 | D        | Reached skill level 5 in Shields
   418 | D        | Reached * piety under Cheibriados
   419 | D        | Reached XP level 6. HP: 50/62 MP: 5/8
   425 | D        | Reached ** piety under Cheibriados
   502 | D        | Noticed a wraith
   502 | D        | Noticed an orc warrior
   502 | D        | Noticed a water moccasin
   502 | D        | Noticed a slime creature
   508 | D        | Killed a wraith
   508 | D        | Reached *** piety under Cheibriados
   509 | D        | Reached skill level 5 in Invocations
   509 | D        | Reached XP level 7. HP: 60/70 MP: 10/10
   513 | D        | Killed a slime creature
   514 | D        | HP: 2/70 [orc warrior/+0 glaive (24)]
   521 | D        | Reached **** piety under Cheibriados
   526 | D        | Reached XP level 8. HP: 20/80 MP: 6/13
  1172 | D        | Got the ring of Uvymofutuk {+Inv rPois rF+ Str+6}
  1189 | D        | Noticed a cane toad
  1189 | D        | Noticed a yak
  1189 | D        | Noticed a komodo dragon
  1195 | D        | Noticed a death yak
  1202 | D        | Killed a cane toad
  1205 | D        | Noticed a blink frog
  1206 | D        | Reached ***** piety under Cheibriados
  1206 | D        | Killed a blink frog
  1207 | D        | Reached XP level 9. HP: 53/88 MP: 8/15
  1207 | D        | Killed a komodo dragon
  1212 | D        | Killed a death yak
  1213 | D        | Reached skill level 10 in Axes
  1213 | D        | Reached skill level 5 in Dodging
  1624 | D        | Noticed a seven-headed hydra
  1624 | D        | Noticed a seven-headed hydra
  1624 | D        | Noticed a black mamba
  1625 | D        | Noticed an eight-headed hydra
  1629 | D        | Killed a black mamba
  1629 | D        | Reached ****** piety under Cheibriados
  1630 | D        | Reached skill level 10 in Invocations
  1630 | D        | Reached XP level 10. HP: 59/98 MP: 6/17
  1630 | D        | Killed a seven-headed hydra
  1630 | D        | Killed a seven-headed hydra
  1630 | D        | Killed an eight-headed hydra
  1631 | D        | Reached skill level 10 in Armour
  1631 | D        | Reached skill level 10 in Shields
  1632 | D        | Noticed a cane toad
  1708 | D        | Killed a cane toad
  1808 | D        | Reached XP level 11. HP: 91/108 MP: 15/19
  1896 | D        | Noticed Gastronok
  1912 | D        | Killed Gastronok
  1913 | D        | Reached skill level 10 in Fighting
  2316 | D        | Noticed an orc knight
  2316 | D        | Noticed an orc knight
  2320 | D        | Killed an orc knight
  2320 | D        | Killed an orc knight
  2432 | D        | Found Saety's Distillery.
  2432 | D        | Noticed an orc high priest
  2432 | D        | Noticed an orc high priest
  2432 | D        | Noticed an orc high priest
  2432 | D        | Noticed an orc high priest
  2433 | D        | Noticed a sun demon
  2434 | D        | Noticed an orc high priest
  2439 | D        | Killed an orc high priest
  2439 | D        | Killed an orc high priest
  2439 | D        | Killed an orc high priest
  2439 | D        | Killed an orc high priest
  2442 | D        | Noticed an orc high priest
  2443 | D        | Killed an orc high priest
  2444 | D        | Reached XP level 12. HP: 118/118 MP: 12/22
  2450 | D        | Killed an orc high priest
  2451 | D        | Noticed an orc high priest
  2464 | D        | Killed an orc high priest
  2476 | D        | Found Mihuq's Antique Armour Shoppe.
  2480 | D        | Found Athretas's Jewellery Emporium.
  2484 | D        | Found Wufehu's Distillery.
  2489 | D        | Noticed an orc high priest
  2497 | D        | Killed an orc high priest
  2502 | D        | Bought an uncursed amulet of reflection for 330 gold pieces
  2504 | D        | Bought a glowing cloak for 232 gold pieces
  2504 | D        | Bought a pair of glowing gloves for 232 gold pieces
  2504 | D        | Bought a tower shield for 139 gold pieces
  2506 | D        | Bought 2 potions of heal wounds for 110 gold pieces
  2563 | D        | Bought an uncursed ring of positive energy for 220 gold
                  | pieces
  2563 | D        | Bought an uncursed ring of protection from cold for 275
                  | gold pieces
  2596 | D        | Noticed Urug
  2605 | D        | Killed Urug
  2808 | D        | Noticed a fire dragon
  2810 | D        | Noticed a fire dragon
  2821 | D        | Killed a fire dragon
  2822 | D        | Noticed a hell knight
  2825 | D        | Noticed an ettin
  2833 | D        | Killed a fire dragon
  2837 | D        | Noticed a centaur warrior
  2843 | D        | Noticed an ice dragon
  2856 | D        | Killed a hell knight
  2857 | D        | Noticed a deep troll earth mage
  2860 | D        | HP: 5/120 [ettin/+0 great mace (30)]
  2865 | D        | Killed an ettin
  2865 | D        | Killed a centaur warrior
  2865 | D        | Killed a deep troll earth mage
  2866 | D        | Reached skill level 15 in Invocations
  2869 | D        | Killed an ice dragon
  3299 | D        | Noticed Aizul
  3312 | D        | Killed Aizul
  3313 | D        | Reached skill level 15 in Axes
  3313 | D        | Gained mutation: You can use your snake-like lower body to
                  | constrict enemies. [Naga growth]
  3313 | D        | Reached XP level 13. HP: 97/128 MP: 24/24
  3693 | D        | Noticed Donald
  3705 | D        | Killed Donald
  3946 | D        | Noticed a merfolk javelineer
  3968 | D        | Killed a merfolk javelineer
  4322 | D        | Reached skill level 1 in Throwing
  4666 | D        | Noticed an eleionoma
  4666 | D        | Noticed a bunyip
  4666 | D        | Noticed a bunyip
  4667 | D        | Noticed an eleionoma
  4669 | D        | Killed a bunyip
  4669 | D        | Killed a bunyip
  4669 | D        | Noticed a bunyip
  4670 | D        | Reached skill level 10 in Dodging
  4676 | D        | Killed an eleionoma
  4677 | D        | Reached XP level 14. HP: 110/139 MP: 11/26
  4959 | D        | Noticed a stone giant
  4959 | D        | Noticed a stone giant
  4965 | D        | Killed a stone giant
  4973 | D        | Killed a stone giant
  4979 | D        | Noticed a stone giant
  4998 | D        | Reached skill level 15 in Armour
  4998 | D        | Reached skill level 15 in Shields
  5009 | D        | Killed a stone giant
  5010 | D        | Reached skill level 5 in Throwing
  5030 | D        | Noticed a stone giant
  5034 | D        | Killed a stone giant
  5101 | D        | Noticed an ironheart preserver
  5102 | D        | Noticed a white very ugly thing
  5110 | D        | Killed an ironheart preserver
  5119 | D        | Killed a white very ugly thing
  5120 | D        | Noticed a green very ugly thing
  5128 | D        | Killed a green very ugly thing
  5349 | D        | Noticed a vault warden
  5349 | D        | Noticed a vault warden
  5351 | D        | Noticed a lich
  5361 | D        | Killed a vault warden
  5362 | D        | Reached XP level 15. HP: 145/151 MP: 28/28
  5367 | D        | Killed a vault warden
  5371 | D        | Killed a lich
  5525 | D        | Noticed Xtahua
  5529 | D        | Paralysed by Xtahua for 5 turns
  5538 | D        | Killed Xtahua
  5992 | D        | Noticed Mennas
  6004 | D        | Killed Mennas
  6060 | D        | Found the +12 glaive of Prune {vorpal}
  6219 | D        | Noticed a tengu reaver
  6224 | D        | Killed a tengu reaver
  6251 | D        | Noticed a tengu reaver
  6253 | D        | Noticed Sojobo
  6254 | D        | Noticed Louise
  6260 | D        | Killed a tengu reaver
  6281 | D        | Killed Sojobo
  6282 | D        | Reached skill level 15 in Fighting
  6290 | D        | Killed Louise
  6832 | D        | Noticed an emperor scorpion
  6832 | D        | Noticed an emperor scorpion
  6832 | D        | Noticed an emperor scorpion
  6832 | D        | Noticed an emperor scorpion
  6846 | D        | Killed an emperor scorpion
  6864 | D        | Noticed a ghost moth
  6867 | D        | Killed an emperor scorpion
  6882 | D        | Killed an emperor scorpion
  6906 | D        | Killed an emperor scorpion
  6913 | D        | Killed a ghost moth
  7048 | D        | Noticed an emperor scorpion
  7057 | D        | Killed an emperor scorpion
  7058 | D        | Reached XP level 16. HP: 163/163 MP: 30/30
  7076 | D        | Got a gossamer rune of Zot
  7092 | D        | Reached skill level 10 in Throwing
  7111 | D        | Got a decaying rune of Zot
  7327 | D        | Noticed a nagaraja
  7327 | D        | Noticed a nagaraja
  7327 | D        | Noticed a nagaraja
  7328 | D        | Noticed a nagaraja
  7329 | D        | Noticed a nagaraja
  7332 | D        | Killed a nagaraja
  7332 | D        | Killed a nagaraja
  7332 | D        | Killed a nagaraja
  7333 | D        | Noticed a nagaraja
  7334 | D        | Killed a nagaraja
  7337 | D        | Killed a nagaraja
  7341 | D        | Killed a nagaraja
  7359 | D        | Got a serpentine rune of Zot
  7383 | D        | Noticed Ilsuiw
  7390 | D        | Killed Ilsuiw
  7415 | D        | Got a barnacled rune of Zot
  7441 | D        | Noticed Margery
  7447 | D        | Killed Margery
  7570 | D        | Reached XP level 17. HP: 175/175 MP: 32/32
  7728 | D        | Noticed a quicksilver dragon
  7743 | D        | Killed a quicksilver dragon
  7779 | D        | Identified the Volume of Poisoning and Stolen Souls
  8048 | D        | Noticed a sphinx
  8049 | D        | Noticed a tentacled monstrosity
  8069 | D        | Reached skill level 15 in Dodging
  8071 | D        | Killed a sphinx
  8072 | D        | Killed a tentacled monstrosity
  8076 | D        | Noticed a quicksilver dragon
  8085 | D        | Killed a quicksilver dragon
  8090 | D        | Got a silver rune of Zot
  8358 | D        | Noticed Nikola
  8368 | D        | Killed Nikola
  8775 | D        | Got the ring "Ijosso" {rC- Will+ Int+3 SInv}
  8778 | D        | Got the ring "Oriaratoi" {rElec rPois rC+++ Will+ Int-4}
  8788 | D        | Got the amulet of Balance {Spirit +Inv rElec rC++ Will-}
  8791 | D        | Got the ring "Pemagak" {+Inv Will++ Dex-2 Slay+3}
  8793 | D        | Got the amulet of Yczon {Spirit *Corrode rElec rF+ Str+3}
  8889 | D        | Noticed Boris
  8898 | D        | Killed Boris
  8899 | D        | Reached XP level 18. HP: 189/189 MP: 34/34
  8952 | D        | Noticed a juggernaut
  8975 | D        | Killed a juggernaut
  9176 | D        | Noticed a tentacled monstrosity
  9192 | D        | Killed a tentacled monstrosity
  9193 | D        | Reached skill level 15 in Throwing
  9290 | D        | Reached skill level 1 in Unarmed Combat
  9295 | D        | Reached skill level 27 in Invocations
  9328 | D        | Noticed a quicksilver dragon
  9340 | D        | Killed a quicksilver dragon
  9343 | D        | Reached skill level 5 in Unarmed Combat
  9400 | D        | Reached XP level 19. HP: 185/202 MP: 0/36
 10068 | D        | Reached skill level 10 in Unarmed Combat
 10093 | D        | Noticed an ancient lich
 10103 | D        | Killed an ancient lich
 10106 | D        | Noticed an orb of fire
 10106 | D        | Gained mutation: Your body sometimes deteriorates upon
                  | taking damage. [an orb of fire]
 10110 | D        | Gained mutation: You are clumsy. (Dex -2) [an orb of fire]
 10120 | D        | Gained mutation: You are weak. (Str -2) [an orb of fire]
 10132 | D        | Killed an orb of fire
 10134 | D        | Noticed an electric golem
 10149 | D        | Killed an electric golem
 10370 | D        | Noticed an ancient lich
 10370 | D        | Noticed an electric golem
 10370 | D        | Noticed an electric golem
 10370 | D        | Noticed a tentacled monstrosity
 10370 | D        | Noticed an ancient lich
 10373 | D        | Noticed an orb of fire
 10375 | D        | Killed an ancient lich
 10376 | D        | Reached XP level 20. HP: 187/218 MP: 37/37
 10380 | D        | Noticed an orb of fire
 10394 | D        | Killed an ancient lich
 10398 | D        | Killed an electric golem
 10399 | D        | Killed an orb of fire
 10399 | D        | Killed an electric golem
 10400 | D        | Killed an orb of fire
 10400 | D        | Noticed an orb of fire
 10403 | D        | Gained mutation: Your magical capacity is low. (-10% MP)
                  | [an orb of fire]
 10404 | D        | Killed an orb of fire
 10432 | D        | Noticed an ancient lich
 10440 | D        | Killed an ancient lich
 10441 | D        | Reached skill level 15 in Unarmed Combat
 10827 | D        | Reached skill level 27 in Armour
 10829 | D        | Reached skill level 27 in Shields
 11081 | D        | Reached XP level 21. HP: 193/234 MP: 34/34
 11204 | D        | Noticed an ancient lich
 11210 | D        | Killed an ancient lich
 11339 | D        | Got an elven rune of Zot
 12064 | D        | Noticed the Royal Jelly
 12070 | D        | Killed the Royal Jelly
 12080 | D        | Paralysed by a floating eye for 2 turns
 12104 | D        | Reached skill level 27 in Fighting
 12153 | D        | Got a slimy rune of Zot
 12469 | D        | Reached XP level 22. HP: 225/254 MP: 19/35
 13600 | D        | Noticed a royal mummy
 13600 | D        | Noticed a royal mummy
 13600 | D        | Noticed a royal mummy
 13600 | D        | Noticed a royal mummy
 13607 | D        | Noticed a royal mummy
 13610 | D        | Killed a royal mummy
 13938 | D        | Killed a royal mummy
 13950 | D        | Killed a royal mummy
 13990 | D        | Killed a royal mummy
 14142 | D        | Killed a royal mummy
 14148 | D        | Noticed a royal mummy
 14161 | D        | Killed a royal mummy
 14213 | D        | Noticed a royal mummy
 14220 | D        | Killed a royal mummy
 14694 | D        | Got a golden rune of Zot
 14726 | D        | Got an abyssal rune of Zot
 14870 | D        | Noticed Geryon
 14908 | D        | Killed Geryon
 14915 | D        | Identified the +7 sceptre of Asmodeus
 14915 | D        | Noticed Asmodeus
 14915 | D        | Identified the +6 sword of Cerebov {flame}
 14915 | D        | Noticed Cerebov
 14915 | D        | Noticed Antaeus
 14957 | D        | Killed Antaeus
 14958 | D        | Reached skill level 27 in Throwing
 14961 | D        | HP: 11/254 [Asmodeus/damnation (47)]
 14963 | D        | Killed Asmodeus
 14964 | D        | Reached XP level 23. HP: 31/262 MP: 12/36
 14980 | D        | Killed Cerebov
 14981 | D        | Reached skill level 27 in Dodging
 14981 | D        | Reached skill level 27 in Unarmed Combat
 15622 | D        | Identified the +4 staff of Dispater
 15622 | D        | Noticed Dispater
 15642 | D        | Killed Dispater
 15643 | D        | Reached skill level 27 in Axes
 15651 | D        | Got an obsidian rune of Zot
 15655 | D        | Got a fiery rune of Zot
 15657 | D        | Noticed Lom Lobon
 15657 | D        | Noticed Ereshkigal
 15672 | D        | Killed Lom Lobon
 15673 | D        | Noticed Mnoleg
 15690 | D        | Killed Ereshkigal
 15696 | D        | Killed Mnoleg
 15713 | D        | Noticed Gloorx Vloq
 15722 | D        | Killed Gloorx Vloq
 16215 | D        | Got an icy rune of Zot
 16219 | D        | Got an iron rune of Zot
 16223 | D        | Got a magical rune of Zot
 16227 | D        | Got a bone rune of Zot
 16231 | D        | Got a dark rune of Zot
 16235 | D        | Got a glowing rune of Zot
 16648 | D        | Got the Orb of Zot
 16851 | D        | Noticed Mipiffuck the pandemonium lord
 16869 | D        | Killed Mipiffuck the pandemonium lord
 16943 | D        | Noticed Eriudud the pandemonium lord
 16947 | D        | Killed Eriudud the pandemonium lord
 17213 | D        | Noticed Ytydamuiqai the pandemonium lord
 17229 | D        | Killed Ytydamuiqai the pandemonium lord
 17230 | D        | Reached skill level 27 in Evocations
 17236 | D        | Reached skill level 5 in Spellcasting
 17375 | D        | Noticed Boris
 17383 | D        | Killed Boris
 17384 | D        | Reached skill level 10 in Spellcasting
 17384 | D        | Reached XP level 24. HP: 249/272 MP: 36/36
 17823 | D        | Reached skill level 15 in Spellcasting
 17869 | D        | Noticed a seraph
 17880 | D        | Killed a seraph
 18159 | D        | Noticed Anitryod the pandemonium lord
 18177 | D        | Killed Anitryod the pandemonium lord
 18931 | D        | Escaped with the Orb!

Illustrated notes

Levels and vault maps discovered:
D:        linesprint [early_d, line_temple, items_1, d_10, items_2, lair_1,
          lair_end, items_3, orc_1, orc_end, items_4, d_15, swamp_1, shoals_1,
          snake_1, spider_1, d_20, vaults_1, items_5, swamp_end, shoals_end,
          snake_end, spider_end, vaults_end, d_27, items_6, zot_1, zot_end,
          crypt_end, forest_end, elf_end, slime_end, tomb_end, abyss_end,
          pan_hell_end]

Skill      XL: |  1  2  3  4  5  6  7  8  9 10 11 12 13 14 15 16 17 18 19 20 21 22 23 24 |
---------------+-------------------------------------------------------------------------+-----
Axes           | 3 4 5 6 7 8 9 10 12 13 15 16 17 18 19 20 23 27 | 27.0
Armour         | 3 4 5 6 7 8 9 10 11 13 14 15 17 19 21 23 25 27 | 27.0
Shields        | 3 4 5 6 7 8 9 10 11 13 14 15 17 19 21 23 25 27 | 27.0
Fighting       | 4 5 6 7 8 9 10 11 12 14 15 16 18 20 22 24 27 | 27.0
Dodging        | 1 2 3 4 5 6 7 8 10 11 12 14 15 17 18 20 24 26 27 | 27.0
Invocations    | 3 5 6 8 10 11 13 15 17 19 21 23 25 27 | 27.0
Throwing       | 3 6 9 11 14 16 18 20 24 27 | 27.0
Unarmed Combat | 6 12 16 22 26 27 | 27.0
Evocations     | 27 | 27.0
Spellcasting   | 10 23 | 23.8

Action                   |  1- 3 |  4- 6 |  7- 9 | 10-12 | 13-15 | 16-18 | 19-21 | 22-24 || total
-------------------------+-------+-------+-------+-------+-------+-------+-------+-------++-------
Melee: War axe           |    27 |    35 |    34 |   108 |       |       |       |       ||   204
       Broad axe         |       |       |       |    60 |   345 |   395 |   444 |   463 ||  1707
       Constrict         |       |       |       |       |    47 |    65 |    26 |    66 ||   204
Throw: Javelin           |       |       |       |       |     3 |    24 |     1 |    86 ||   114
Invok: Slouch            |       |       |     5 |    12 |     9 |    34 |    31 |    28 ||   119
  Use: Potion            |     3 |     1 |     2 |     2 |     2 |       |       |    16 ||    26
       Scroll            |       |       |       |     1 |    10 |       |     1 |     9 ||    21
 Stab: Distracted        |       |       |       |       |       |     1 |       |       ||     1
Armor: Scale mail        |    17 |     1 |       |       |       |       |       |       ||    18
       Ring mail         |       |     8 |    12 |     1 |       |       |       |       ||    21
       Plate armour      |       |       |       |    15 |    44 |       |       |       ||    59
       Gold dragon scale |       |       |       |       |    53 |   110 |    82 |    70 ||   315
Dodge: Dodged            |     3 |     6 |    17 |    50 |    79 |    95 |   115 |   102 ||   467
Block: Kite shield       |    11 |    26 |    26 |    51 |       |       |       |       ||   114
       Tower shield      |       |       |       |    73 |   457 |   508 |   456 |   502 ||  1996
       Reflection        |       |       |       |     2 |    15 |    17 |    16 |     5 ||    55
